 Dungeon Crawl Stone Soup version 0.31-a0-1074-g0b22e4e0f1 (webtiles) character file.

Game seed: 3739727203525756171

321 tbh1313 the Cudgeller (level 6, 0/62 HPs)
             Began as an Ogre Berserker on Nov 30, 2023.
             Was a Believer of Trog.
             Succumbed to a scorpion's poison
             ... on level 4 of the Dungeon.
             The game lasted 00:06:26 (2880 turns).

tbh1313 the Cudgeller (Ogre Berserker)              Turns: 2880, Time: 00:06:26

Health: 0/62       AC:  3    Str: 28    XL:     6   Next: 46%
Magic:  6/6        EV: 10    Int: 14    God:    Trog [**....]
Gold:   28         SH:  0    Dex: 10    Spells: 5/5 levels left

rFire   . . .        a - +1 mace
rCold   . . .        (no shield)
rNeg    + . .        k - +0 robe {rN+}
rPois   .            (helmet restricted)
rElec   .            (no cloak)
rCorr   .            (gloves unavailable)
SInv    .            (boots unavailable)
Will    .....        (no amulet)
Stlth   +            h - +6 ring of intelligence
HPRegen 0.30/turn    b - +6 ring of strength
MPRegen 0.10/turn

%: no passive effects
@: lethally poisoned (0 -> -7), on berserk cooldown, slowed, very slow
A: large, unfitting armour, tough skin 1
a: Renounce Religion, Berserk, Trog's Hand


You were on level 4 of the Dungeon.
You worshipped Trog.
Trog was pleased with you.
You visited 1 branch of the dungeon, and saw 4 of its levels.

You collected 155 gold pieces.
You spent 127 gold pieces at shops.

Inventory:

Hand Weapons
 a - a +1 mace (weapon)
Missiles
 e - 16 stones
 g - 5 javelins (quivered)
 r - 3 boomerangs
Armour
 k - a +0 robe of positive energy (worn)
Jewellery
 b - a +6 ring of strength (right hand)
 h - a +6 ring of intelligence (left hand)
Wands
 j - a wand of flame (25)
Scrolls
 c - 2 scrolls of vulnerability
 i - a scroll of fog {unknown}
 l - 3 scrolls of teleportation
 m - a scroll of enchant weapon
 o - a scroll of revelation {unknown}
 p - a scroll of poison {unknown}
 q - 3 scrolls of torment {unknown}
Potions
 d - 2 potions of might
 f - a potion of haste
 n - a potion of lignification {unknown}


   Skills:
 - Level 4.0 Fighting
 + Level 6.1 Maces & Flails
 - Level 2.0 Throwing
 - Level 2.6 Dodging


You had 5 spell levels left.
You didn't know any spells.
Your spell library contained the following spells:

 Spells                   Type           Power      Damage    Failure   Level
 Tukima's Dance           Hex            0%         N/A       65%         3
 Dimensional Bullseye     Hex/Tloc       0%         N/A       96%         4
 Iskenderun's Mystic Bla  Conj/Tloc      0%         2d3       96%         4
 Vhi's Electric Charge    Tloc/Air       0%         N/A       96%         4
 Arcjolt                  Conj/Air       0%         1d10      100%        5
 Maxwell's Capacitive Co  Air            0%         ∞         100%        8


Dungeon Overview and Level Annotations

Branches:
Dungeon (4/15)
 Temple: D:4-7

Altars:
Ashenzari
Qazlal

Shops:
D:1 :*[=   D:3 ?*(


Innate Abilities, Weirdness & Mutations

You are too large for most types of armour.
You have tough skin. (AC +1)


Message History

* * * LOW HITPOINT WARNING * * *
You hit the scorpion.
The scorpion is moderately wounded.
You feel sick. The scorpion stings you.
* * * LOW HITPOINT WARNING * * *
The scorpion barely misses you.
You barely miss the scorpion.
The scorpion is moderately wounded.
You feel sick. The scorpion barely misses you. The scorpion misses you.
You sock the scorpion!
The scorpion is almost dead.
You feel sick. The scorpion barely misses you. The scorpion stings you.
* * * LOW HITPOINT WARNING * * *
You are lethally poisoned!
The scorpion poisons you!
You hit the scorpion.
You kill the scorpion!
Trog accepts your kill.
* * * LOW HITPOINT WARNING * * *
You feel very sick. The scorpion closely misses you.
You have reached level 6!
You feel stronger.
You bludgeon the scorpion!!
You kill the scorpion!
Trog accepts your kill.
* * * LOW HITPOINT WARNING * * *
You feel very sick.
Your Maces & Flails skill increases to level 6!
You are too berserk!
* * * LOW HITPOINT WARNING * * *
You feel sick.
You feel a strong urge to attack something.
* * * LOW HITPOINT WARNING * * *
You feel sick.
Okay, then.
You are no longer berserk.
You are exhausted.
You feel yourself slow down.
You die...

#.#.# #.#.#
#<#.# #
##.#.###
...####.#....#
.............#
# ..###...#...#
.. #.###...#
.#.####@###...#
......†.......#
........###..##
.#.###.†# ..# #
#..# #... .....
.......
#..###...


There were no monsters in sight!

Levels and vault maps discovered:
D:1:      onia_arrival_mini_maze_b, layout_basic, serial_shops,
          nicolae_shop_tiny_statue_garden, shop, shop, shop,
          basic_ecumenical_altar
D:2:      layout_loops_ring, minmay_misc_feat_more_columns,
          chequers_serial_rivers_micro_d, kennysheep_generic_room_14,
          uniq_natasha
D:3:      layout_basic, general_overflow_altar, serial_shops, shop,
          nicolae_shop_hallway_stairs, nicolae_shop_statue_plus
D:4:      layout_loops_ring, cheibrodos_ashenzari_chains, gammafunk_ghost_split

Notes
Turn   | Place    | Note
-------+----------+-------------------------------------------
     0 | D:1      | tbh1313 the Ogre Berserker began the quest for the Orb.
     0 | D:1      | Reached XP level 1. HP: 24/24 MP: 1/1
    82 | D:1      | Reached skill level 3 in Maces & Flails
   145 | D:1      | Found Zihuch's Antique Armour Shop.
   159 | D:1      | Reached XP level 2. HP: 32/32 MP: 2/2
   159 | D:1      | Found Corph's General Store.
   173 | D:1      | Found a faded altar of an unknown god.
   202 | D:1      | Found Foraucypt's Book Shop.
   381 | D:1      | Found Log Xaah's Jewellery Emporium.
   743 | D:2      | Reached ** piety under Trog
   744 | D:2      | Reached XP level 3. HP: 38/39 MP: 3/3
   896 | D:2      | Noticed Natasha
   903 | D:2      | Killed Natasha
   904 | D:2      | Reached skill level 1 in Throwing
   940 | D:2      | Noticed Natasha
   948 | D:2      | Killed Natasha
   949 | D:2      | Reached skill level 4 in Maces & Flails
   949 | D:2      | Reached XP level 4. HP: 48/48 MP: 4/4
  1010 | D:2      | Noticed Natasha
  1168 | D:2      | Killed Natasha
  1380 | D:1      | Bought a glowing robe for 62 gold pieces
  1699 | D:3      | Reached XP level 5. HP: 43/54 MP: 5/5
  1812 | D:3      | Found Qawoceh's Magic Scroll Shop.
  1818 | D:3      | Bought a scroll of teleportation for 39 gold pieces
  1818 | D:3      | Bought a scroll of identify for 26 gold pieces
  1854 | D:3      | Reached skill level 5 in Maces & Flails
  2114 | D:3      | Found Fiudwibb's Antique Weapon Emporium.
  2452 | D:3      | Found a stormy altar of Qazlal.
  2556 | D:3      | Found Tyhibb's General Store.
  2871 | D:4      | Found a broken altar of Ashenzari.
  2876 | D:4      | HP: 7/81 [poisoned by a scorpion]
  2877 | D:4      | Reached XP level 6. HP: 8/62 MP: 6/6
  2878 | D:4      | Reached skill level 6 in Maces & Flails
  2879 | D:4      | HP: 2/93 [poisoned by a scorpion]
  2880 | D:4      | Succumbed to a scorpion's poison

Table legend: (Time is in decaauts)
 A = Elapsed time spent in this place.
 B = Non-inter-level travel time spent in this place.
 C = Inter-level travel time spent in this place.
 D = Time resting spent in this place.
 E = Time spent auto-exploring this place.
 F = Levels seen in this place.
 G = Mean time per level.
                   A        B        C        D        E       F      G
               +--------+--------+--------+--------+--------+-----+--------+
         Total |   2959 |   2748 |    211 |    242 |   2108 |   4 |  739.8 |
       Dungeon |   2959 |   2748 |    211 |    242 |   2108 |   4 |  739.8 |
               +--------+--------+--------+--------+--------+-----+--------+

Top non-repeatable levels by time:
     D:3: 1199 daAuts
     D:2: 897 daAuts
     D:1: 834 daAuts
     D:4: 27 daAuts

Table legend:
 A = Kills in this place as a percentage of kills in the entire game.
 B = Kills by you in this place as a percentage of kills by you in the entire game.
 C = Kills by friends in this place as a percentage of kills by friends in the entire game.
 D = Other kills in this place as a percentage of other kills in the entire game.
 E = Experience gained in this place as a percentage of experience gained in the entire game.
 F = Experience gained in this place divided by the number of levels of this place that you have seen.
                   A       B       C       D       E      F
               +-------+-------+-------+-------+-------+----------------------
         Total | 100.0 | 100.0 |   N/A |   N/A | 100.0 | 114.8
       Dungeon | 100.0 | 100.0 |   N/A |   N/A | 100.0 | 114.8
               +-------+-------+-------+-------+-------+----------------------

Action                     |  1- 3 |  4- 6 || total
---------------------------+-------+-------++-------
  Melee: Mace              |    59 |    84 ||   143
         Punch             |     1 |       ||     1
  Throw: Javelin           |     2 |       ||     2
 Invoke: Berserk           |     2 |     4 ||     6
    Use: Scroll            |     4 |     1 ||     5
   Stab: Sleeping          |     1 |     1 ||     2
 Armour: Animal skin       |    38 |     7 ||    45
         Robe              |       |    55 ||    55
  Dodge: Dodged            |    35 |    40 ||    75

Vanquished Creatures
  3 scorpions
  Natasha (thrice) (D:2)
  An adder (D:3)
  3 worms
  13 ball pythons
  5 endoplasms
  A giant cockroach (D:3)
  3 goblins
  6 jackals
  4 kobolds
  3 quokkas
  3 bats (D:1)
  2 frilled lizards
  7 rats
57 creatures vanquished.
